Map: Orbital Shipyard

Players

Grumm - Winner!

  • Race: Protoss Protoss
  • League: Gold

Default

  • Race: Terran Terran
  • League: Gold

VOD

Have the link to the VOD?

Description

Time

  • Played on: Feb. 10, 2016, 3 p.m.
  • Length: 11:55
Show
View Real Time Build Order
Export as new Build Order

Grumm Protoss - Winner!

Build Orders:  

Get SALT Encoding   

  12  0:10  Pylon  
  12  0:13  Probe (Chrono Boost)  
  13  0:30  Gateway  
  13  0:33  Probe (Chrono Boost)  
  14  0:44  Probe (Chrono Boost)  
  15  0:52  Assimilator  
  15  0:54  Probe (Chrono Boost)  
  16  1:01  Pylon  
  16  1:05  Probe (Chrono Boost)  
  17  1:17  Zealot (Chrono Boost)  
  19  1:22  Cybernetics Core  
  19  1:26  Probe  
  20  1:38  Probe  
  21  1:41  Zealot (Chrono Boost)  
  23  1:52  Probe  
  24  2:05  Nexus  
  24  2:07  Warp Gate (Chrono Boost)  
  24  2:13  Probe  
  25  2:25  Robotics Facility  
  25  2:32  Assimilator  
  25  2:48  Probe  
  26  2:53  Pylon, Stalker  
  26  2:57  Gateway  
  26  3:00  Pylon  
  24  3:15  Immortal  
  28  3:20  Probe  
  29  3:32  Stalker  
  31  3:40  Gateway  
  31  4:07  Stalker  
  33  4:18  Warp Prism (Chrono Boost)  
  35  4:25  Stalker  
  37  4:31  Stalker  
  39  4:41  Probe  
  39  4:42  Probe  
  41  4:49  Stargate  
  41  4:52  Probe  
  41  4:55  Probe  
  39  5:31  Stalker x2  
  39  5:32  Adept  
  45  5:53  Stalker  
  45  5:54  Stalker x2  
  37  6:07  Probe  
  37  6:08  Probe  
  37  6:10  Void Ray  
  43  6:11  Immortal (Chrono Boost)  
  43  6:17  Adept  
  43  6:18  Adept x2  
  43  6:48  Probe  
  42  6:58  Immortal (Chrono Boost)  
  46  7:03  Adept  
  46  7:04  Adept x2  
  44  7:50  Stalker x3  
  40  8:28  Stalker  
  40  8:29  Stalker  
  40  8:30  Adept  
  46  8:47  Void Ray  
  50  8:49  Immortal (Chrono Boost)  
  50  8:51  Stalker x2  
  50  8:53  Zealot  
  50  9:14  Stalker  
  50  9:15  Stalker x2  
  54  9:21  Probe  
  54  9:22  Probe  
  52  9:24  Assimilator  
  52  9:28  Assimilator  
  52  9:38  Adept  
  52  9:39  Zealot x2  
  50  9:52  Warp Prism (Chrono Boost)  
  48  10:04  Stalker  
  48  10:05  Stalker x2  
  52  10:08  Probe  
  53  10:14  Gateway  
  53  10:15  Pylon  
  53  10:19  Gateway  
  53  10:21  Pylon  
  53  10:24  Pylon  
  53  10:29  Gateway  
  53  10:30  Pylon  
  53  10:33  Void Ray  
  53  10:34  Immortal (Chrono Boost)  
  53  10:35  Zealot x3  
  67  11:07  Zealot x3  
  65  11:28  Stalker x2  
  65  11:29  Stalker  
  67  11:45  Stalker, Zealot  
  67  11:46  Zealot  
Show
View Real Time Build Order
Export as new Build Order

Default Terran 

Build Orders: MMM Bio 

Get SALT Encoding   

  12  0:01  SCV  
  13  0:13  SCV  
  14  0:19  Supply Depot  
  14  0:25  SCV  
  15  0:40  SCV  
  16  0:45  Barracks  
  16  0:52  SCV  
  17  0:58  Barracks  
  17  1:04  SCV  
  17  1:08  Barracks  
  18  1:19  Barracks  
  18  1:26  Refinery  
  18  1:32  Refinery  
  18  2:00  Orbital Command  
  18  2:06  Reaper  
  19  2:14  Reaper  
  20  2:26  Reaper  
  21  2:32  SCV  
  22  2:44  SCV  
  23  2:47  Command Center  
  23  3:04  Supply Depot  
  23  3:14  Supply Depot  
  23  3:24  Barracks Tech Lab  
  23  3:26  Barracks Reactor  
  23  3:28  Barracks Tech Lab  
  23  3:29  Barracks Reactor  
  23  3:35  SCV  
  24  3:47  SCV  
  25  3:48  Stimpack  
  25  3:51  Combat Shields  
  25  3:59  SCV  
  24  4:11  SCV  
  24  4:18  Marauder x2  
  24  4:19  Marine x4  
  32  4:28  Factory  
  32  4:37  Refinery, Marine  
  33  4:39  Marauder, Refinery  
  33  4:45  Orbital Command  
  35  4:51  Marauder  
  37  5:05  Marauder, Marine x4  
  42  5:12  Concussive Shells  
  40  5:15  Marauder  
  40  5:17  Factory Tech Lab  
  40  5:21  SCV  
  43  5:29  SCV  
  43  5:33  SCV  
  45  5:38  Siege Tank  
  42  5:45  SCV  
  31  6:10  Marauder x2, Marine x2  
  31  6:14  Marine x2  
  31  6:24  SCV  
  32  6:31  Marauder  
  33  6:36  SCV  
  30  6:48  SCV  
  29  6:55  Marine x4  
  32  7:01  SCV  
  32  7:13  SCV  
  30  7:42  Marine x5  
  30  7:43  Marine  
  36  7:46  SCV  
  36  7:51  SCV  
  38  7:58  SCV  
  35  8:00  Marine  
  35  8:03  SCV  
  30  8:10  SCV  
  25  8:22  SCV  
  25  8:25  Marine  
  25  8:26  Marine x2  
  31  8:27  Marauder  
  31  8:34  SCV  
  29  8:43  Marine x2  
  29  8:44  Marauder  
  29  8:48  Marauder  
  29  8:52  Siege Tank  
  22  9:05  Marine x3  
  22  9:06  Marauder, Marine  
  22  9:09  Marauder  
  28  9:23  Marine  
  25  9:27  Marauder  
  21  9:51  SCV  
  22  9:54  SCV  
  21  10:03  SCV  
  21  10:09  SCV  
  22  10:15  SCV  
  23  10:22  SCV  
  23  10:27  SCV  
  25  10:34  SCV  
  26  10:38  Marauder, Marine x3  
  26  10:39  SCV  
  26  10:40  Siege Tank  
  37  10:46  SCV  
  38  10:51  SCV  
  39  10:57  Refinery  
  39  10:58  SCV  
  39  11:03  SCV  
  39  11:10  SCV  
  35  11:15  SCV  
  24  11:22  SCV  
  25  11:27  SCV  
  24  11:34  SCV  
Tags
 
Composition
MMM Bio
League
GoldGold
Matchup
PvT
Replay Pack
sc2 replays 2016
Add a new tag
Caveats
  • Supply blocks, unpowered buildings, or Contaminate may cause inaccurate times.
  • Supply counts are checked every 10 seconds.